 Dungeon Crawl Stone Soup version 0.31-a0-177-g4aa6249778 (webtiles) character file.

Game seed: 17027257361518690791

92 qw the Shooter (level 4, -3/40 HPs)
             Began as a Naga Hunter on June 18, 2023.
             Slain by a river rat (7 damage)
             ... in a sewer.
             The game lasted 00:00:33 (1427 turns).

qw the Shooter (Naga Hunter)                        Turns: 1427, Time: 00:00:33

Health: -3/40      AC:  5    Str: 14    XL:     4   Next: 60%
Magic:  4/4        EV:  9    Int:  9    God:
Gold:   123        SH:  0    Dex: 16    Spells: 3/3 levels left

rFire   . . .        Y - +0 shortbow
rCold   . . .        (shield currently unavailable)
rNeg    . . .        c - +0 leather armour
rPois   +            a - +2 hood of the Assassin {Detect Stab+ Stlth++}
rElec   .            (no cloak)
rCorr   .            d - +0 pair of gloves
SInv    +            (no barding)
Will    .....        (no amulet)
Stlth   ++++         (no ring)
HPRegen 0.26/turn    (no ring)
MPRegen 0.09/turn

%: no passive effects
@: very slow
A: AC +1, large, see invisible, deformed body, poison resistance, slowness 2,
spit poison 1, naga tail 1
a: Spit Poison


You were in a sewer.
You visited 1 branch of the dungeon, and saw 3 of its levels.
You also visited: Sewer.

You collected 123 gold pieces.


Innate Abilities, Weirdness & Mutations

Your serpentine skin is tough. (AC +1)
You have supernaturally acute eyesight. (SInv)
Armour fits poorly on your strangely shaped body.
Your system is resistant to poisons. (rPois)
You cover ground very slowly.
You can spit poison.
You have a snake-like lower body.


   Skills:
 + Level 2.7 Fighting
 - Level 5.0 Ranged Weapons
 - Level 1.5 Dodging
 - Level 1.5 Stealth


You had 3 spell levels left.
You didn't know any spells.
Your spell library was empty.

Inventory:

Hand Weapons
 Y - a +0 shortbow (weapon)
Armour
 a - the +2 hood of the Assassin (worn) {Detect Stab+ Stlth++}
   (You acquired it on level 1 of the Dungeon)

   Detect:    It allows the wearer to sense nearby creatures.
   Stab+:     It allows the wearer to make particularly effective stabbing
   attacks against helpless or unaware enemies with any weapon.
   Stlth:     It makes you much more stealthy.
 c - a +0 leather armour (worn)
 d - a +0 pair of gloves (worn)
Scrolls
 g - a scroll of identify
Potions
 b - a potion of degeneration {unknown}
 e - a potion of lignification {unknown}
 f - a potion of curing {unknown}
 h - a potion of might {unknown}

Dungeon Overview and Level Annotations

Branches:
Dungeon (3/15)              Sewer (1/1)

Altars:
Dithmenos

Shops:
D:3 :


Message History

The river rat is moderately wounded.
You shoot an arrow. The arrow closely misses the river rat.
The arrow hits the rat!
You kill the rat!
You shoot an arrow.
The arrow hits the river rat but does no damage.
The river rat is moderately wounded.
The river rat closely misses you.
You shoot an arrow. The arrow hits the river rat.
The river rat is severely wounded.
The river rat bites you but does no damage.
The river rat completely misses you.
You shoot an arrow. The arrow barely misses the river rat.
The arrow hits the rat.
The rat is severely wounded.
You have got your breath back.
The river rat barely misses you. The river rat bites you.
1423 ||| INVOKING Spit Poison.
Aiming: Spit Poison (1% risk of failure)
Press: ? - help, Shift-Dir - straight line, f/p - river rat The splash of poison hits the river rat.
The river rat is poisoned.
You kill the river rat!
The river rat bites you.
You shoot an arrow. The arrow hits the rat.
You kill the rat!
The river rat bites you. x2
You shoot an arrow. The arrow hits the river rat.
The river rat is lightly wounded.
The river rat bites you.
You shoot an arrow. The arrow closely misses the river rat.
The arrow hits the river rat!
The river rat is severely wounded.
The river rat bites you. The river rat bites you!
You shoot an arrow. The arrow barely misses the river rat.
The arrow hits the river rat but does no damage.
The river rat is severely wounded.
You have got your breath back.
The river rat bites you!
You die... ############### ~....rr@r.%.... ###############

You could see 3 river rats.

Vanquished Creatures
  4 adders
  A river rat (Sewer)
  A dart slug (D:2)
  2 bats
  4 endoplasms
  3 giant cockroaches
  6 goblins
  3 hobgoblins
  A jackal (D:2)
  2 kobolds (D:1)
  A quokka (D:1)
  9 ball pythons
  2 frilled lizards (D:1)
  4 rats
43 creatures vanquished.

Notes
Turn   | Place    | Note
-------+----------+-------------------------------------------
     0 | D:1      | qw the Naga Hunter began the quest for the Orb.
     0 | D:1      | Reached XP level 1. HP: 19/19 MP: 1/1
     0 | D:1      | 0 ||| qw: Version: 0.3-a-5-g6f28e65
     0 | D:1      | 0 ||| qw: Game counter: 536
     0 | D:1      | 0 ||| qw: Always use a shield: true
     0 | D:1      | 0 ||| qw: God list: Okawaru
     0 | D:1      | 0 ||| qw: Allow faded altars: false
     0 | D:1      | 0 ||| qw: Do Orc after D:15 true
     0 | D:1      | 0 ||| qw: Do second Lair branch before Depths: true
     0 | D:1      | 0 ||| qw: Lair rune preference: random
     0 | D:1      | 0 ||| qw: Plans: Normal
     0 | D:1      | 0 ||| PLANNING D:1-11
    41 | D:1      | 41 ||| INVOKING Spit Poison.
    42 | D:1      | 42 ||| INVOKING Spit Poison.
    47 | D:1      | 47 ||| INVOKING Spit Poison.
    69 | D:1      | 69 ||| INVOKING Spit Poison.
   112 | D:1      | 112 ||| INVOKING Spit Poison.
   247 | D:1      | 247 ||| INVOKING Spit Poison.
   249 | D:1      | Reached skill level 4 in Ranged Weapons
   249 | D:1      | Reached XP level 2. HP: 26/26 MP: 2/2
   254 | D:1      | 254 ||| INVOKING Spit Poison.
   313 | D:1      | 313 ||| INVOKING Spit Poison.
   522 | D:1      | 522 ||| INVOKING Spit Poison.
   525 | D:1      | 525 ||| INVOKING Spit Poison.
   530 | D:1      | 530 ||| INVOKING Spit Poison.
   573 | D:1      | 573 ||| INVOKING Spit Poison.
   644 | D:1      | 644 ||| INVOKING Spit Poison.
   720 | D:1      | 720 ||| INVOKING Spit Poison.
   726 | D:1      | 726 ||| INVOKING Spit Poison.
   727 | D:1      | Reached XP level 3. HP: 32/32 MP: 3/3
   836 | D:1      | 836 ||| READING scroll labelled COYLYAQUFOTHE.
   839 | D:1      | 839 ||| READING 2 scrolls labelled VUOFRA TITEMEUMO.
   840 | D:1      | 840 ||| READING scroll labelled HIYDAE ZAZARU.
   841 | D:1      | 841 ||| READING scroll labelled JUNOST CYNLE.
   841 | D:1      | Identified a scroll of acquirement
   841 | D:1      | 841 ||| ACQUIRING +2 hood of the Assassin {Detect Stab+
                  | Stlth++}
   841 | D:1      | Acquired the +2 hood of the Assassin {Detect Stab+ Stlth++}
   841 | D:1      | Found the +2 hood of the Assassin {Detect Stab+ Stlth++}
   843 | D:1      | 843 ||| UPGRADING to +2 hood of the Assassin {Detect Stab+
                  | Stlth++}.
   848 | D:1      | 848 ||| READING scroll labelled OGEICLOCUN.
   849 | D:1      | 849 ||| DROPPING scroll of butterflies.
   850 | D:1      | 850 ||| DROPPING scroll of blinking.
   898 | D:2      | 898 ||| INVOKING Spit Poison.
   912 | D:2      | 912 ||| INVOKING Spit Poison.
   917 | D:2      | 917 ||| INVOKING Spit Poison.
   922 | D:2      | 922 ||| INVOKING Spit Poison.
   928 | D:2      | 928 ||| INVOKING Spit Poison.
   959 | D:2      | 959 ||| INVOKING Spit Poison.
   962 | D:2      | 962 ||| INVOKING Spit Poison.
   981 | D:2      | Found a shadowy altar of Dithmenos.
   991 | D:2      | 991 ||| INVOKING Spit Poison.
  1013 | D:2      | Found a faded altar of an unknown god.
  1041 | D:2      | 1041 ||| INVOKING Spit Poison.
  1045 | D:2      | 1045 ||| INVOKING Spit Poison.
  1047 | D:2      | Reached skill level 5 in Ranged Weapons
  1047 | D:2      | Reached XP level 4. HP: 38/39 MP: 4/4
  1130 | D:2      | 1130 ||| INVOKING Spit Poison.
  1143 | D:2      | 1143 ||| INVOKING Spit Poison.
  1354 | D:2      | 1354 ||| INVOKING Spit Poison.
  1355 | D:2      | 1355 ||| UPGRADING to +0 pair of gloves.
  1360 | D:2      | 1360 ||| READING 2 scrolls labelled BYCSI YXAOKHY.
  1379 | D:3      | 1379 ||| PLANNING SEWER
  1388 | D:3      | Found Githrogia's Vocational Training.
  1405 | D:3      | 1405 ||| INVOKING Spit Poison.
  1407 | D:3      | Found a glowing drain.
  1416 | Sewer    | Entered a sewer
  1417 | Sewer    | 1417 ||| INVOKING Spit Poison.
  1423 | Sewer    | 1423 ||| INVOKING Spit Poison.
  1426 | Sewer    | HP: 4/40 [river rat (8)]
  1427 | Sewer    | Slain by a river rat

Levels and vault maps discovered:
D:1:      saegor_arrival_fortress, layout_basic, minivault_25,
          kennysheep_crisscross
D:2:      layout_basic, ebering_ecumenical_altar_abandoned, basic_altar,
          st_stairs_10
D:3:      cheibrodos_thug_alley, layout_loops_ring, old_standard_altar,
          nicolae_yredelemnul_corpse_copse, portal_sewer_entry_d,
          corexii_hall_statues_x, nicolae_shop_vocational
Sewer:    sewer_kobolds

Skill      XL: |  1  2  3 |
---------------+----------+-----
Ranged Weapons | 4 5 |  5.0
Fighting       | |  2.7
Dodging        | |  1.5
Stealth        | |  1.5

Action                     |  1- 3 |  4- 6 || total
---------------------------+-------+-------++-------
   Fire: Shortbow          |    51 |    13 ||    64
Ability: Spit Poison       |    24 |     6 ||    30
    Use: Scroll            |     5 |     1 ||     6
 Armour: Leather armour    |     4 |     1 ||     5
  Dodge: Dodged            |    11 |     3 ||    14

Table legend:
 A = Non-vault XP
 B = Vault XP
 C = Vault XP percentage of total XP
 D = Non-vault monster count
 E = Vault monster count
 F = Vault count percentage of total count
                 A         B        C        D         E       F
            +---------+---------+-------+---------+---------+-------
      Total |      85 |      47 |  35.6 |      35 |       8 |  18.6
            +---------+---------+-------+---------+---------+-------
        D:1 |      34 |       0 |   0.0 |      20 |       0 |   0.0
        D:2 |      49 |      18 |  26.9 |      14 |       4 |  22.2
        D:3 |       2 |      14 |  87.5 |       1 |       1 |  50.0
      Sewer |       0 |      15 | 100.0 |       0 |       3 | 100.0
            +---------+---------+-------+---------+---------+-------
